 Dungeon Crawl Stone Soup version 0.24.0-37-gcf1ca852f1 (webtiles) character file.

Game seed: 9255547335352863635, levelgen mode: deterministic

310 Bombadil the Slasher (level 6, -7/53 HPs)
             Began as a Draconian Chaos Knight on Dec 7, 2019.
             Was a Plaything of Xom.
             Killed by divine providence
             ... invoked by an orc priest
              (12 damage)
             ... on level 4 of the Dungeon.
             The game lasted 00:04:08 (3833 turns).

Bombadil the Slasher (Draconian Chaos Knight)       Turns: 3833, Time: 00:04:09

Health: -7/53      AC:  6    Str: 12      XL:     6   Next: 17%
Magic:  6/6        EV: 13    Int: 12 (13) God:    Xom [...*..]
Gold:   100        SH:  0    Dex: 12      Spells: 5/5 levels left

rFire    . . .     SeeInvis .   a - +0 falchion (chaos)
rCold    . . .     Gourm    .   (no shield)
rNeg     . . .     Faith    .   (armour unavailable)
rPois    .         Spirit   .   (helmet restricted)
rElec    .         Reflect  .   (no cloak)
rCorr    .         Harm     .   (no gloves)
MR       .....                  (no boots)
Stlth    ++........             (no amulet)
HPRegen  0.17/turn              (no ring)
MPRegen  0.10/turn              (no ring)

@: no status effects
A: unfitting armour, antennae 1, stinger 1, deterioration 1, weak 1,
cold-blooded, AC +6
a: Renounce Religion


You were on level 4 of the Dungeon.
You worshipped Xom.
You were a favourite toy of Xom.
You were hungry.

You visited 1 branch of the dungeon, and saw 4 of its levels.

You collected 100 gold pieces.

Inventory:

Hand Weapons
 a - a +0 falchion of chaos (weapon)
Scrolls
 e - a scroll of enchant weapon {unknown}
 f - 2 scrolls of teleportation {unknown}
 g - a scroll of magic mapping {unknown}
 h - a scroll of blinking {unknown}
 i - 5 scrolls of identify
 j - a scroll of immolation {unknown}
 k - 3 scrolls of remove curse {unknown}
 n - 2 scrolls of fear {unknown}
 o - a scroll of enchant armour {unknown}
 q - a scroll of random uselessness {unknown}
 r - a scroll of fog
Potions
 c - 2 potions of heal wounds {unknown}
 d - a potion of might {unknown}
 l - a potion of haste {unknown}
 m - 2 potions of berserk rage {unknown}
 p - 3 potions of curing
Comestibles
 b - 7 rations
 s - 2 chunks of flesh


   Skills:
 + Level 4.6 Fighting
 + Level 5.3 Long Blades
 + Level 3.4 Dodging
 + Level 1.0 Stealth


You had 5 spell levels left.
You didn't know any spells.
Your spell library was empty.

Dungeon Overview and Level Annotations

Branches:
Dungeon (4/15)
 Temple: D:4-7

Altars:
Cheibriados
Dithmenos
Elyvilon
Fedhas
Kikubaaqudgha
Nemelex Xobeh
Ru
Sif Muna

Annotations:
D:3 exclusion: oklob plant
D:4 3 runed translucent doors, Delamore's ghost, amateur HOFi; hitsuchi's ghost, amateur OpTm


Innate Abilities, Weirdness & Mutations

Your plain brown scales are hard. (AC +6)
You cannot fit into any form of body armour.
You are cold-blooded and may be slowed by cold attacks.
You have a pair of small antennae on your head.
Your tail ends in a poisonous barb.
Your body sometimes deteriorates upon taking damage.
You are weak. (Str -2)


Message History

You see here a worker ant corpse.
You closely miss the orc priest. The orc wizard closely misses you.
You riposte.
You closely miss the orc wizard.
The orc priest hits you with a +0 trident.
The orc wizard hits you with a +0 dagger.
Unknown command.
You barely miss the orc priest.
The orc priest hits you with a +0 trident.
* * * LOW HITPOINT WARNING * * *
The orc wizard gestures wildly while chanting.
The orc wizard blinks!
You hit the orc priest.
The orc priest seems to speed up.
The orc priest is moderately wounded.
The orc priest calls down the wrath of Beogh upon you.
Beogh smites you!
* * * LOW HITPOINT WARNING * * *
The orc priest invokes the aid of Beogh against you.
Beogh smites you!
You die...
Xom titters!

#o# .#.. ##..# #######o#
....###...# #....##o# #.#..#....#
#....##.# #.##.#...## #....#o{#
###[##.#..###
#.....§#######...##.#..##.
#.....§§§§o§...##.....#...
#....#####o§..##..##.....#
############@§##....#...###.(
###............#####....#######
#_'.....÷......# #...)........
###...........## #...).######.
############# #.##.## ## ####..#
###.##.# #....## ##...##.#
###.#### ##...###<#
#######...#######..#####.########


You could see an orc priest and an orc.

Vanquished Creatures
  A hound (D:4)
  A centaur skeleton (D:4)
  2 orc priests (D:4)
  Natasha (D:4)
  A worker ant (D:4)
  2 adders
  An adder skeleton (D:4)
  2 worms (D:2)
  2 dart slugs
  6 leopard geckos
  12 orcs
  A bat (D:1)
  5 giant cockroaches
  4 goblins
  3 hobgoblins
  6 jackals (D:2)
  3 ball pythons
  3 frilled lizards
  2 kobolds (D:1)
  6 rats
64 creatures vanquished.

Vanquished Creatures (collateral kills)
  An orc priest (D:4)
  An orc wizard (D:4)
  An orc (D:4)
  A giant cockroach (D:4)
4 creatures vanquished.

Vanquished Creatures (others)
  A withered plant (D:4)
1 creature vanquished.

Grand Total: 69 creatures vanquished

Notes
Turn   | Place    | Note
-------+----------+-------------------------------------------
     0 | D:1      | Bombadil the Draconian Chaos Knight began the quest for the
                  | Orb.
     0 | D:1      | Reached XP level 1. HP: 19/19 MP: 1/1
     3 | D:1      | XOM: divination: magic mapping
   193 | D:1      | Reached XP level 2. HP: 9/26 MP: 2/2
   975 | D:1      | XOM: summons 1 hostile demon
  1082 | D:1      | XOM: mild Tloc miscast
  1083 | D:1      | Noticed a spatial vortex
  1097 | D:1      | XOM: harmless Air miscast
  1225 | D:2      | XOM: 1-stop teleportation journey
  1328 | D:2      | Reached XP level 3. HP: 18/33 MP: 3/3
  1669 | D:2      | XOM is BORED!
  1669 | D:2      | XOM: mild Hex miscast
  1757 | D:2      | Found a sacrificial altar of Ru.
  1757 | D:2      | XOM: 3-stop teleportation journey
  2124 | D:2      | XOM: noise
  2155 | D:2      | XOM: give mutation
  2155 | D:2      | Gained mutation: Your body sometimes deteriorates upon
                  | taking damage. [Xom's mischief]
  2270 | D:2      | You fall into a shaft and drop 1 floor!
  2413 | D:3      | Found a snail-covered altar of Cheibriados.
  2543 | D:3      | XOM: harmless Hex miscast
  2564 | D:3      | XOM: harmless Pois miscast
  2572 | D:3      | XOM: summons 4 hostile shadow creatures
  2594 | D:3      | Found a blossoming altar of Fedhas.
  2613 | D:3      | Noticed an oklob plant
  2693 | D:3      | Found a shadowy altar of Dithmenos.
  2920 | D:4      | Reached skill level 4 in Long Blades
  2920 | D:4      | Reached XP level 4. HP: 18/40 MP: 4/4
  2944 | D:4      | XOM: give mutations
  2944 | D:4      | Gained mutation: You have a pair of small antennae on your
                  | head. [Xom's mischief]
  2944 | D:4      | Gained mutation: You are weak. (Str -2) [Xom's mischief]
  2944 | D:4      | Gained mutation: Your tail ends in a poisonous barb. [Xom's
                  | mischief]
  2961 | D:4      | XOM: god gift: scroll labeled UVVUNG VAT RAU {god gift}
  3184 | D:4      | XOM: summons 4 friendly demons
  3472 | D:4      | Found a sparkling altar of Nemelex Xobeh.
  3472 | D:4      | Found an ancient bone altar of Kikubaaqudgha.
  3520 | D:4      | Found a runed translucent gate.
  3520 | D:4      | Found a runed translucent gate.
  3520 | D:4      | Noticed Delamore's ghost (amateur HOFi)
  3521 | D:4      | Found a runed translucent gate.
  3521 | D:4      | Noticed hitsuchi's ghost (amateur OpTm)
  3523 | D:4      | XOM: 8-stop teleportation journey
  3546 | D:4      | Reached XP level 5. HP: 34/46 MP: 5/5
  3636 | D:4      | Found a white marble altar of Elyvilon.
  3643 | D:4      | Reached skill level 5 in Long Blades
  3753 | D:4      | Noticed Natasha
  3764 | D:4      | Killed Natasha
  3764 | D:4      | Reached skill level 1 in Stealth
  3771 | D:4      | Found a shimmering blue altar of Sif Muna.
  3803 | D:4      | XOM: cast spell 'Summon Small Mammal'
  3819 | D:4      | XOM: noise
  3820 | D:4      | Reached XP level 6. HP: 24/53 MP: 6/6
  3821 | D:4      | XOM: fog
  3833 | D:4      | Killed from afar by an orc priest

Levels and vault maps discovered:
D:1:      wheals_arrival_shading, layout_basic, minmay_crystal_water
D:2:      layout_basic, lemuel_coloured_pillars_altar
D:3:      layout_rooms, lemuel_round_altar, kennysheep_slug_shrine,
          first_ration, tgw_fedhas
D:4:      layout_rooms, lemuel_blue_sif_altar, grunt_temple_overflow_open,
          gammafunk_ghost_cemetery, eino_small_chamber_without_monster,
          minmay_ruined_shrine, uniq_natasha

Skill      XL: |  1  2  3  4  5 |
---------------+----------------+-----
Fighting       | 4 |  4.6
Long Blades    | 4 5 |  5.3
Dodging        | 3 |  3.4
Stealth        | 1 |  1.0

Action                   |  1- 3 |  4- 6 || total
-------------------------+-------+-------++-------
Melee: Falchion          |   146 |    89 ||   235
       Tailslap          |    12 |     7 ||    19
  Use: Scroll            |       |     1 ||     1
  Eat: Chunk             |     5 |     4 ||     9
Armor: Skin              |    39 |    20 ||    59
Dodge: Dodged            |    86 |    64 ||   150
       Rpst.: Falchion   |    32 |    18 ||    50
